[Event "FIDE Chesscom Grand Swiss 2019"]
[Site "Douglas-Isle of Man"]
[Date "2019.10.20"]
[Round "10.36"]
[White "Movsziszian, Karen"]
[Black "Allen, Keith"]
[Result "1-0"]
[ECO "A11"]
[WhiteElo "2475"]
[BlackElo "2161"]
[Annotator "ChessBase"]
[PlyCount "115"]
[EventDate "2019.10.10"]
[EventType "swiss"]
[EventCountry "GBR"]
[SourceTitle "playchess.com"]
[Source "ChessBase"]
[SourceQuality "1"]
[TimeControl "40/6000+30:20/3000+30:900+30"]

1. g3 d5 2. Nf3 Bg4 3. Bg2 Nd7 4. c4 e6 5. cxd5 exd5 6. O-O Ngf6 7. Nc3 Be7 8. d3 O-O 9. h3 Bxf3 10. Bxf3 c6 11. Qc2 Re8 12. e4 Nc5 13. Rd1 Ne6 14. Bg2 Qa5 15. Ne2 dxe4 16. dxe4 Rad8 17. Be3 Bc5 18. Bxc5 Qxc5 19. Qb3 Qb6 20. Qxb6 axb6 21. e5 Nd7 22. f4 f5 23. b4 b5 24. a4 bxa4 25. Rxa4 Nb6 26. Raa1 Kf7 27. b5 cxb5 28. Rdb1 Na4 29. Rxb5 Nac5 30. Bxb7 Rd2 31. Bf3 Re7 32. Rc1 Rc7 33. h4 g6 34. Rb6 Ke7 35. Kf1 Rcd7 36. Rb8 Kf7 37. Ra1 Rd1+ 38. Rxd1 Rxd1+ 39. Kf2 Rd3 40. Ra8 Rd7 41. Bc6 Rd3 42. Ra7+ Kg8 43. Bb5 Rb3 44. Bc4 Rb4 45. Bd5 Kh8 46. Ke3 h6 47. Re7 Rb6 48. Nd4 Nxd4 49. Kxd4 Ne4 50. Bxe4 Rb4+ 51. Kd5 fxe4 52. Ra7 e3 53. Ra3 Kg7 54. Rxe3 Kf7 55. Ra3 Rb7 56. Ra6 h5 57. Rf6+ Kg7 58. Rc6 1-0

[Event "FIDE Chesscom Grand Swiss 2019"]
[Site "Douglas-Isle of Man"]
[Date "2019.10.20"]
[Round "10.37"]
[White "Cramling, Pia"]
[Black "Sebag, Marie"]
[Result "1-0"]
[ECO "D12"]
[WhiteElo "2462"]
[BlackElo "2445"]
[Annotator "ChessBase"]
[PlyCount "67"]
[EventDate "2019.10.10"]
[EventType "swiss"]
[EventCountry "GBR"]
[SourceTitle "playchess.com"]
[Source "ChessBase"]
[SourceQuality "1"]
[TimeControl "40/6000+30:20/3000+30:900+30"]

1. d4 d5 2. Nf3 Nf6 3. c4 c6 4. e3 Bf5 5. Nc3 e6 6. Nh4 Bg6 7. Be2 Nbd7 8. g3 Bd6 9. O-O dxc4 10. Nxg6 hxg6 11. Bxc4 Nb6 12. Be2 e5 13. dxe5 Bxe5 14. Qxd8+ Rxd8 15. Rd1 Ke7 16. Bd2 g5 17. e4 g4 18. Bg5 Ke6 19. Bxg4+ Nxg4 20. Rxd8 Rxd8 21. Bxd8 Nc4 22. Nd1 Bd4 23. Kf1 Nge5 24. Ke2 Nxb2 25. Nxb2 Bxb2 26. Rd1 c5 27. Bc7 Nc6 28. Rb1 Bd4 29. Rxb7 g5 30. f4 c4 31. fxg5 Bc5 32. Bf4 a5 33. Rc7 Nd4+ 34. Kd1 1-0

[Event "FIDE Chesscom Grand Swiss 2019"]
[Site "Douglas-Isle of Man"]
[Date "2019.10.20"]
[Round "10.38"]
[White "Gavrilescu, David"]
[Black "Clarke, Brandon G I"]
[Result "1-0"]
[ECO "B51"]
[WhiteElo "2451"]
[BlackElo "2445"]
[Annotator "ChessBase"]
[PlyCount "69"]
[EventDate "2019.10.10"]
[EventType "swiss"]
[EventCountry "GBR"]
[SourceTitle "playchess.com"]
[Source "ChessBase"]
[SourceQuality "1"]
[TimeControl "40/6000+30:20/3000+30:900+30"]

1. e4 c5 2. Nf3 d6 3. Bb5+ Nd7 4. c3 Ngf6 5. Bd3 g5 6. h3 Rg8 7. Bc2 h5 8. d4 g4 9. hxg4 hxg4 10. Nfd2 e6 11. Nf1 b5 12. Qe2 Bb7 13. Ng3 Qc7 14. Be3 a6 15. a4 bxa4 16. Rxa4 Nb6 17. Ra1 cxd4 18. Bxd4 e5 19. Bxb6 Qxb6 20. Ba4+ Kd8 21. Nd2 Rc8 22. Bb3 Rc7 23. Ra4 Kc8 24. Rb4 Qa5 25. Nc4 Qc5 26. Nb6+ Kb8 27. Nd5 Nxd5 28. Bxd5 Be7 29. O-O Qa5 30. Nf5 Bf8 31. g3 Rg5 32. Qd1 Qc5 33. Qb3 Qa7 34. Bxb7 Rxb7 35. Qxf7 1-0

[Event "FIDE Chesscom Grand Swiss 2019"]
[Site "Douglas-Isle of Man"]
[Date "2019.10.20"]
[Round "10.40"]
[White "Batsiashvili, Nino"]
[Black "Solomon, Kenny"]
[Result "1-0"]
[ECO "A28"]
[WhiteElo "2422"]
[BlackElo "2382"]
[Annotator "NA"]
[PlyCount "99"]
[EventDate "2019.10.10"]
[EventType "swiss"]
[EventCountry "GBR"]
[SourceTitle "playchess.com"]
[Source "ChessBase"]
[SourceQuality "1"]
[TimeControl "40/6000+30:20/3000+30:900+30"]

1. c4 e5 2. Nc3 Nf6 3. Nf3 Nc6 4. e4 Bb4 5. d3 d6 6. a3 Bc5 7. b4 Bb6 8. Be2 Bg4 9. O-O Bxf3 10. Bxf3 Nd4 11. g3 Nxf3+ 12. Qxf3 Bd4 13. Bd2 Qd7 14. Rac1 c6 15. Ne2 Bb6 16. Rfd1 O-O 17. c5 dxc5 18. bxc5 Bd8 19. Bc3 Re8 20. d4 exd4 21. Nxd4 Qh3 22. Nf5 Ng4 23. Qg2 Qxg2+ 24. Kxg2 Bf6 25. f3 Bxc3 26. Rxc3 Nf6 27. Rb1 Reb8 28. Rcb3 Nd7 29. Rxb7 Rxb7 30. Rxb7 Nxc5 31. Rc7 Ne6 32. Rxc6 Rb8 33. Ne7+ Kf8 34. Rc8+ Rxc8 35. Nxc8 a6 36. Kf2 Ke8 37. Nd6+ Ke7 38. Nc4 g6 39. Ke3 f5 40. e5 Kd7 41. Na5 Nc7 42. a4 Nd5+ 43. Kd4 Nb6 44. Nb3 Nxa4 45. Nc5+ Nxc5 46. Kxc5 g5 47. f4 gxf4 48. gxf4 Kc7 49. h4 h5 50. Kb4 1-0

[Event "FIDE Chesscom Grand Swiss 2019"]
[Site "Douglas-Isle of Man"]
[Date "2019.10.20"]
[Round "10.41"]
[White "Dahl, Baard"]
[Black "Kolbus, Dietmar"]
[Result "1-0"]
[ECO "C16"]
[WhiteElo "2067"]
[BlackElo "2300"]
[Annotator "NA"]
[PlyCount "121"]
[EventDate "2019.10.10"]
[EventType "swiss"]
[EventCountry "GBR"]
[SourceTitle "playchess.com"]
[Source "ChessBase"]
[SourceQuality "1"]
[TimeControl "40/6000+30:20/3000+30:900+30"]

1. e4 e6 2. d4 d5 3. Nc3 Bb4 4. e5 Ne7 5. a3 Bxc3+ 6. bxc3 b6 7. Qg4 Ng6 8. h4 h5 9. Qd1 Ba6 10. Bxa6 Nxa6 11. Bg5 Ne7 12. Ne2 Qd7 13. Ng3 g6 14. Qf3 c6 15. O-O Nc7 16. a4 Nf5 17. Nxf5 exf5 18. Bf6 Rg8 19. Rfe1 Qe6 20. Rad1 Kd7 21. Qe2 b5 22. Ra1 Rgb8 23. Reb1 a6 24. Qd2 Rc8 25. Qc1 Qe8 26. Rb3 Qf8 27. Ra2 Rab8 28. axb5 cxb5 29. e6+ fxe6 30. Be5 Rb6 31. Rba3 Ra8 32. Qa1 Qc8 33. Qb2 Rc6 34. Qb4 Qb7 35. c4 dxc4 36. Rg3 Rg8 37. Qd2 Nd5 38. Qh6 Rcc8 39. Rxg6 Rxg6 40. Qxg6 Re8 41. Qf7+ Re7 42. Qxh5 b4 43. Qf3 Qb5 44. h5 a5 45. h6 b3 46. cxb3 cxb3 47. Rb2 a4 48. Bg7 Qc4 49. h7 Rxg7 50. h8=Q Qxd4 51. Qfh5 Qxb2 52. Q5e8+ Kc7 53. Qc8+ Kb6 54. Qxe6+ Kc5 55. Qf8+ Re7 56. Qec8+ Kd4 57. Qh8+ Re5 58. f4 Qb1+ 59. Kh2 Nxf4 60. Qd7+ Nd5 61. Qxa4+ 1-0

[Event "FIDE Chesscom Grand Swiss 2019"]
[Site "Douglas-Isle of Man"]
[Date "2019.10.20"]
[Round "10.42"]
[White "Wu, Li"]
[Black "Nebolsina, Vera"]
[Result "1/2-1/2"]
[ECO "D85"]
[WhiteElo "2332"]
[BlackElo "2252"]
[Annotator "NA"]
[PlyCount "58"]
[EventDate "2019.10.10"]
[EventType "swiss"]
[EventCountry "GBR"]
[SourceTitle "playchess.com"]
[Source "ChessBase"]
[SourceQuality "1"]
[TimeControl "40/6000+30:20/3000+30:900+30"]

1. Nf3 g6 2. c4 Bg7 3. d4 Nf6 4. Nc3 d5 5. cxd5 Nxd5 6. e4 Nxc3 7. bxc3 c5 8. Be3 O-O 9. Rc1 Qa5 10. Qd2 cxd4 11. cxd4 Qxd2+ 12. Kxd2 Rd8 13. Bd3 Nc6 14. Rc4 Bg4 15. d5 Bxf3 16. gxf3 Ne5 17. Rc7 e6 18. Rxb7 exd5 19. Ke2 Nxd3 20. Kxd3 dxe4+ 21. Kxe4 Re8+ 22. Kd3 a5 23. f4 Rac8 24. Ke2 Bd4 25. Rd1 Bxe3 26. fxe3 Rc2+ 27. Rd2 Rc3 28. Rd3 Rc2+ 29. Rd2 Rc3 1/2-1/2